 Dungeon Crawl Stone Soup version 0.30-a0-165-g1891117ce2 (webtiles) character file.

Game seed: 8039182044354366474

23579 qw the Cleaver (level 13, -2/82 HPs)
             Began as a Gargoyle Fighter on Sept 28, 2022.
             Was a High Priest of Okawaru.
             Slain by a large abomination (20 damage)
             ... led by an Executioner
             ... on level 1 of the Abyss.
             The game lasted 00:06:27 (13146 turns).

qw the Cleaver (Gargoyle Fighter)                  Turns: 13146, Time: 00:06:27

Health: -2/82      AC: 32    Str: 39    XL:     13   Next: 7%
Magic:  20/20      EV: 10    Int:  9    God:    Okawaru [*****.]
Gold:   394        SH:  6    Dex:  9    Spells: 12/12 levels left

rFire   x . .      SeeInvis +    t - +1 war axe (vamp)
rCold   . . .      Faith    .    c - +0 buckler
rNeg    + . .      Spirit   .    z - +0 plate armour
rPois   inf        Reflect  .    b - +2 helmet
rElec   +          Harm     .    s - +0 cloak
rCorr   +          Rampage  .    w - +0 pair of gloves of Loss {rF- rCorr Str+8}
Will    +....                    (no boots)
Stlth   ..........               (no amulet)
HPRegen 0.23/turn                u - ring of Adghor {Will+ SInv}
MPRegen 0.17/turn                x - +6 ring of strength

@: about to teleport, heroic
A: sickness immunity, AC +9, negative energy resistance 1, electricity
resistance, torment resistance 1, petrification resistance, subdued magic 1
a: Renounce Religion, Heroism, Finesse, Duel


You were on level 1 of the Abyss.
You worshipped Okawaru.
Okawaru was extremely pleased with you.
You visited 3 branches of the dungeon, and saw 14 of its levels.
You visited the Abyss 1 time.

You collected 646 gold pieces.
You spent 252 gold pieces at shops.


Innate Abilities, Weirdness & Mutations

You are immune to sickness and miasma.
Your stone body is resilient. (AC +9)
You are immune to poison.
You resist negative energy. (rN+)
You are resistant to electric shocks. (rElec)
You are resistant to unholy torment.
You are immune to petrification.
Your spells are a little easier to cast, but a little less powerful.


   Skills:
 - Level 10.0(15.0) Fighting
 + Level 13.6(18.6) Axes
 - Level 3.0(8.0) Throwing
 - Level 9.0(14.0) Armour
 - Level 2.0(7.0) Dodging
 - Level 6.2(11.2) Shields
 - Level 10.0 Invocations


You had 12 spell levels left.
You didn't know any spells.
Your spell library was empty.

Inventory:

Hand Weapons
 t - a +1 vampiric war axe (weapon)
 y - a +3 morningstar
Armour
 b - a +2 helmet (worn)
 c - a +0 buckler (worn)
 k - a +2 pair of gloves
 s - a +0 cloak (worn)
 w - the +0 pair of gloves of Loss (worn) {rF- rCorr Str+8}
   (You bought it in a shop on level 7 of the Dungeon)

   Str:       It affects your strength (+8).
   rF:        It makes you vulnerable to fire.
   rCorr:     It protects you from acid and corrosion.
 z - a +0 plate armour (worn)
Jewellery
 i - a ring of resist corrosion
 l - a ring of fire
 u - the ring of Adghor (left hand) {Will+ SInv}
   (You found it on level 9 of the Dungeon)

   [ring of see invisible]

   SInv:      It lets you see invisible.
   Will:      It increases your willpower.
 x - a +6 ring of strength (right hand)
 Y - a ring of protection from cold
Scrolls
 a - 6 scrolls of identify
 m - 3 scrolls of teleportation
Potions
 d - 3 potions of might
 e - 3 potions of heal wounds
 f - 2 potions of resistance
 g - a potion of magic
 h - a potion of attraction
 n - a potion of haste
 o - 3 potions of curing
 q - a potion of cancellation
 r - 3 potions of lignification
 v - 2 potions of mutation

Dungeon Overview and Level Annotations

Branches:
Dungeon (12/15)            Temple (1/1) D:5            Lair (1/5) D:10
    Orc (0/2) D:9

Altars:
Ashenzari
Cheibriados
Dithmenos
Elyvilon
Fedhas
Gozag
Hepliaklqana
Kikubaaqudgha
Makhleb
Nemelex Xobeh
Okawaru
Qazlal
Ru
Sif Muna
Trog
Uskayaw
Vehumet
Wu Jian
Xom
Yredelemnul
Zin
The Shining One

Shops:
D:1 (   D:7 *

Annotations:
D:6 2 runed translucent doors, qw's ghost, novice GrFi
D:9 2 transporters
Lair:1 Sonja


Message History

You block the Executioner's attack.
The Executioner hits you but does no damage.
You block the Executioner's attack.
The Executioner hits you but does no damage.
The Executioner hits you.
The Executioner hits you but does no damage.
A chaos spawn comes into view.
The Executioner hits you but does no damage.
The Executioner hits you. You block the Executioner's attack.
13142 ||| DRINKING 4 potions of heal wounds.
You feel much better.
The chaos spawn bellows!
The Executioner hits you but does no damage. x9
You closely miss the Executioner.
The Executioner is lightly wounded.
The Executioner hits you but does no damage.
The Executioner hits you.
The Executioner hits you but does no damage.
The Executioner closely misses you.
The Executioner hits you but does no damage.
You block the Executioner's attack.
You closely miss the Executioner.
The Executioner is lightly wounded.
The Executioner hits you!
The Executioner hits you but does no damage.
You block the Executioner's attack. The Executioner misses you.
The Executioner hits you but does no damage. x2
You hit the Executioner but do no damage.
The Executioner is lightly wounded.
You hit the large abomination.
The Executioner hits you but does no damage. x6
You slash the Executioner!
The Executioner is moderately wounded.
You slice the large abomination!! You closely miss the chaos spawn.
The Executioner hits you.
The Executioner hits you but does no damage. x2
The Executioner hits you!
The Executioner hits you but does no damage. x2
The large abomination hits you!!
You die...

. ### . . . .
#.# . #.####
. # ##@...# #
#...41X...# #
...[....###.#
. .#....~## #
#...#.
##..#.~ #. ..
#.##. . ~ #


You could see an Executioner (fast), a large abomination and a chaos spawn.

Vanquished Creatures
  A tentacled starspawn (Abyss:1)
  2 two-headed ogres
  3 death yaks
  2 starcursed masses (Abyss:1)
  A large abomination (Abyss:1)
  An ugly thing (D:12)
  A torpor snail (Lair:1)
  2 black mambas (Lair:1)
  4 cane toads (Lair:1)
  A freezing wraith (Abyss:1)
  A komodo dragon (Lair:1)
  2 ancient zymes (Abyss:1)
  A polar bear (Lair:1)
  6 trolls
  3 hornets
  3 blink frogs (Lair:1)
  3 dream sheep (Lair:1)
  Sigmund (D:4)
  3 shadows
  A vampire (D:10)
  A wyvern (D:7)
  28 yaks
  3 wraiths
  A steam dragon (D:8)
  A vampire mosquito (D:10)
  A water moccasin (D:6)
  A floating eye (D:10)
  2 orc warriors
  3 sky beasts
  2 ice beasts
  3 black bears
  6 centaurs
  2 ogres (D:7)
  2 small abominations (Abyss:1)
  6 wolves (Lair:1)
  2 phantoms
  2 bullfrogs
  2 gnoll sergeants
  2 necrophages (D:6)
  2 scorpions
  11 wights
  24 killer bees
  6 electric eels (D:9)
  5 howler monkeys
  3 jellies
  2 gnoll boudas
  A hound (D:7)
  3 orc priests
  3 iguanas (D:6)
  5 orc wizards
  Robin (D:4)
  21 gnolls
  6 river rats
  5 adders
  A shadow imp (D:6)
  A white imp (D:5)
  An ufetubus (Abyss:1)
  4 worms (D:3)
  4 dart slugs
  32 orcs
  6 endoplasms
  4 giant cockroaches
  13 goblins
  7 hobgoblins
  8 jackals
  A quokka (D:9)
  8 ball pythons
  5 bats
  11 kobolds
  8 rats
  A starspawn tentacle (Abyss:1)
325 creatures vanquished.

Vanquished Creatures (others)
  2 fungi (Lair:1)
  20 plants
  2 starspawn tentacles (Abyss:1)
24 creatures vanquished.

Grand Total: 349 creatures vanquished

Notes
Turn   | Place    | Note
-------+----------+-------------------------------------------
     0 | D:1      | qw the Gargoyle Fighter began the quest for the Orb.
     0 | D:1      | Reached XP level 1. HP: 14/14 MP: 1/1
     0 | D:1      | 0 ||| qw: Version: 0.2-a-12-gaebbb33
     0 | D:1      | 0 ||| qw: Game counter: 776
     0 | D:1      | 0 ||| qw: Always use a shield: true
     0 | D:1      | 0 ||| qw: God list: Okawaru
     0 | D:1      | 0 ||| qw: Allow faded altars: false
     0 | D:1      | 0 ||| qw: Do Orc after D:15 true
     0 | D:1      | 0 ||| qw: Do second Lair branch before Depths: true
     0 | D:1      | 0 ||| qw: Lair rune preference: random
     0 | D:1      | 0 ||| qw: Plans: Normal, Zot:1-4, God:TSO, Crypt, Tomb,
                  | Pan, Slime:5, Hells, Abyss, Orb
     0 | D:1      | 0 ||| PLANNING D:1-11
    27 | D:1      | Reached skill level 2 in Axes
   229 | D:1      | Reached XP level 2. HP: 19/19 MP: 2/2
   398 | D:1      | Found Bimistao's Antique Weapon Shop.
   414 | D:1      | 414 ||| SHOPLISTING mace (75 gold, have 35).
   606 | D:1      | 606 ||| Stepping ~*~*~tactically~*~*~ (stealth).
   613 | D:1      | 613 ||| Stepping ~*~*~tactically~*~*~ (stealth).
   641 | D:1      | Reached skill level 3 in Axes
   655 | D:1      | 655 ||| Stepping ~*~*~tactically~*~*~ (stealth).
   661 | D:1      | Reached XP level 3. HP: 11/23 MP: 3/3
   673 | D:1      | 673 ||| Stepping ~*~*~tactically~*~*~ (stealth).
   674 | D:1      | 674 ||| Stepping ~*~*~tactically~*~*~ (stealth).
   676 | D:1      | 676 ||| Stepping ~*~*~tactically~*~*~ (stealth).
   845 | D:1      | 845 ||| DROPPING +0 club.
  1255 | D:1      | 1255 ||| UPGRADING to +0 chain mail.
  1265 | D:1      | 1265 ||| DROPPING +0 scale mail.
  1266 | D:1      | 1266 ||| UPGRADING to +6 ring of strength.
  1267 | D:1      | 1267 ||| READING 3 scrolls labelled RUASCH ADIN.
  1268 | D:1      | 1268 ||| READING scroll labelled PEX TEFRIHODU.
  1269 | D:1      | 1269 ||| READING scroll labelled KOKONW IROESE.
  1370 | D:1      | 1370 ||| READING scroll labelled JOROUL FUJU.
  1371 | D:1      | 1371 ||| READING scroll labelled SAR JEDDETEATA.
  1372 | D:1      | 1372 ||| DRINKING 2 orange potions.
  1373 | D:1      | 1373 ||| READING 2 scrolls of identify.
  1373 | D:1      | 1373 ||| IDENTIFYING golden potion
  1478 | D:2      | Identified the +0 ring mail of Hubris {rElec rF+ Int+3}
  1482 | D:2      | 1482 ||| Stepping ~*~*~tactically~*~*~ (stealth).
  1640 | D:2      | Found a faded altar of an unknown god.
  2249 | D:2      | Reached XP level 4. HP: 25/28 MP: 4/4
  2312 | D:2      | 2312 ||| UPGRADING to +2 pair of gloves.
  2317 | D:2      | 2317 ||| READING 2 scrolls labelled WIRO AKEBIOPN.
  2318 | D:2      | 2318 ||| READING scroll labelled VAURAH GAOTEOM.
  2319 | D:2      | 2319 ||| READING 2 scrolls of identify.
  2319 | D:2      | 2319 ||| IDENTIFYING sapphire potion
  2320 | D:2      | 2320 ||| DROPPING scroll of poison.
  2321 | D:2      | 2321 ||| DROPPING potion of brilliance.
  2575 | D:3      | Reached skill level 4 in Axes
  2885 | D:3      | 2885 ||| DROPPING +2 mace of protection.
  3021 | D:3      | Identified the +6 mace "Ilan" {pain, *Slow Fly rPois rF-}
  3248 | D:3      | 3248 ||| UPGRADING to ring of willpower.
  3249 | D:3      | 3249 ||| READING scroll labelled ICOGGIFFURCHI.
  3250 | D:3      | 3250 ||| READING 3 scrolls labelled UFUEPNIGEH.
  3251 | D:3      | 3251 ||| READING scroll labelled GUUMOM UZXOLOMU.
  3255 | D:3      | 3255 ||| READING 4 scrolls of identify.
  3255 | D:3      | 3255 ||| IDENTIFYING clear potion
  3256 | D:3      | 3256 ||| READING 3 scrolls of identify.
  3256 | D:3      | 3256 ||| IDENTIFYING viscous brown potion
  3257 | D:3      | 3257 ||| DROPPING 2 scrolls of magic mapping.
  3258 | D:3      | 3258 ||| DROPPING potion of invisibility.
  3278 | D:4      | Noticed Robin
  3279 | D:4      | 3279 ||| Stepping ~*~*~tactically~*~*~ (hiding).
  3296 | D:4      | 3296 ||| Stepping ~*~*~tactically~*~*~ (hiding).
  3297 | D:4      | 3297 ||| STAIRDANCE
  3486 | D:4      | 3486 ||| STAIRDANCE
  3528 | D:4      | 3528 ||| STAIRDANCE
  3559 | D:4      | 3559 ||| STAIRDANCE
  3602 | D:4      | Killed Robin
  3603 | D:4      | Reached XP level 5. HP: 29/32 MP: 5/5
  3839 | D:4      | 3839 ||| FLEEEEING.
  3840 | D:4      | 3840 ||| FLEEEEING.
  3841 | D:4      | 3841 ||| FLEEEEING.
  3842 | D:4      | 3842 ||| FLEEEEING.
  3843 | D:4      | 3843 ||| FLEEEEING.
  3844 | D:4      | 3844 ||| FLEEEEING.
  3845 | D:4      | 3845 ||| FLEEEEING.
  3846 | D:4      | 3846 ||| FLEEEEING.
  3847 | D:4      | 3847 ||| FLEEEEING.
  3848 | D:4      | 3848 ||| FLEEEEING.
  3849 | D:4      | 3849 ||| FLEEEEING.
  3850 | D:4      | 3850 ||| FLEEEEING.
  3851 | D:4      | 3851 ||| FLEEEEING.
  3864 | D:4      | 3864 ||| FLEEEEING.
  3865 | D:4      | 3865 ||| FLEEEEING.
  3867 | D:4      | 3867 ||| FLEEEEING.
  3868 | D:4      | 3868 ||| FLEEEEING.
  3869 | D:4      | 3869 ||| FLEEEEING.
  3870 | D:4      | 3870 ||| FLEEEEING.
  3871 | D:4      | 3871 ||| FLEEEEING.
  3874 | D:4      | 3874 ||| FLEEEEING.
  3875 | D:4      | 3875 ||| FLEEEEING.
  4158 | D:4      | Noticed Sigmund
  4159 | D:4      | 4159 ||| Stepping ~*~*~tactically~*~*~ (hiding).
  4171 | D:4      | Killed Sigmund
  4172 | D:4      | Reached skill level 6 in Axes
  4172 | D:4      | Reached XP level 6. HP: 30/37 MP: 6/6
  4356 | D:4      | 4356 ||| FLEEEEING.
  4357 | D:4      | 4357 ||| FLEEEEING.
  4358 | D:4      | 4358 ||| FLEEEEING.
  4359 | D:4      | 4359 ||| FLEEEEING.
  4360 | D:4      | 4360 ||| FLEEEEING.
  4361 | D:4      | 4361 ||| FLEEEEING.
  4362 | D:4      | 4362 ||| FLEEEEING.
  4363 | D:4      | 4363 ||| FLEEEEING.
  4365 | D:4      | 4365 ||| FLEEEEING.
  4366 | D:4      | 4366 ||| FLEEEEING.
  4367 | D:4      | 4367 ||| FLEEEEING.
  4368 | D:4      | 4368 ||| FLEEEEING.
  4369 | D:4      | 4369 ||| FLEEEEING.
  4370 | D:4      | 4370 ||| FLEEEEING.
  4371 | D:4      | 4371 ||| FLEEEEING.
  4372 | D:4      | 4372 ||| FLEEEEING.
  4373 | D:4      | 4373 ||| FLEEEEING.
  4374 | D:4      | 4374 ||| FLEEEEING.
  4376 | D:4      | 4376 ||| FLEEEEING.
  4377 | D:4      | 4377 ||| FLEEEEING.
  4378 | D:4      | 4378 ||| FLEEEEING.
  4379 | D:4      | 4379 ||| FLEEEEING.
  4380 | D:4      | 4380 ||| FLEEEEING.
  4381 | D:4      | 4381 ||| FLEEEEING.
  4382 | D:4      | 4382 ||| FLEEEEING.
  4383 | D:4      | 4383 ||| FLEEEEING.
  4384 | D:4      | 4384 ||| FLEEEEING.
  4386 | D:4      | 4386 ||| FLEEEEING.
  4387 | D:4      | 4387 ||| FLEEEEING.
  4388 | D:4      | 4388 ||| FLEEEEING.
  4389 | D:4      | 4389 ||| FLEEEEING.
  4390 | D:4      | 4390 ||| FLEEEEING.
  4391 | D:4      | 4391 ||| FLEEEEING.
  4392 | D:4      | 4392 ||| FLEEEEING.
  4393 | D:4      | 4393 ||| FLEEEEING.
  4394 | D:4      | 4394 ||| FLEEEEING.
  4395 | D:4      | 4395 ||| FLEEEEING.
  4396 | D:4      | 4396 ||| FLEEEEING.
  4397 | D:4      | 4397 ||| FLEEEEING.
  4398 | D:4      | 4398 ||| FLEEEEING.
  4399 | D:4      | 4399 ||| FLEEEEING.
  4400 | D:4      | 4400 ||| FLEEEEING.
  4401 | D:4      | 4401 ||| FLEEEEING.
  4402 | D:4      | 4402 ||| FLEEEEING.
  4403 | D:4      | 4403 ||| FLEEEEING.
  4404 | D:4      | 4404 ||| FLEEEEING.
  4405 | D:4      | 4405 ||| FLEEEEING.
  4406 | D:4      | 4406 ||| FLEEEEING.
  4408 | D:4      | 4408 ||| FLEEEEING.
  4409 | D:4      | 4409 ||| FLEEEEING.
  4410 | D:4      | 4410 ||| FLEEEEING.
  4411 | D:4      | 4411 ||| FLEEEEING.
  4412 | D:4      | 4412 ||| FLEEEEING.
  4413 | D:4      | 4413 ||| STAIRDANCE
  4446 | D:3      | 4446 ||| UPGRADING to +0 helmet.
  4451 | D:3      | 4451 ||| READING scroll of enchant armour.
  4451 | D:3      | 4451 ||| ENCHANTING +0 helmet.
  4452 | D:3      | 4452 ||| READING scroll labelled PUN YHAHARA.
  4512 | D:3      | 4512 ||| READING 2 scrolls of identify.
  4512 | D:3      | 4512 ||| IDENTIFYING ruby potion
  4704 | D:4      | 4704 ||| Stepping ~*~*~tactically~*~*~ (stealth).
  4924 | D:4      | 4924 ||| READING 2 scrolls of identify.
  4924 | D:4      | 4924 ||| IDENTIFYING white potion
  4945 | D:5      | Entered Level 5 of the Dungeon
  4946 | D:5      | 4946 ||| PLANNING SEWER
  4956 | D:5      | 4956 ||| FLEEEEING.
  4958 | D:5      | 4958 ||| FLEEEEING.
  4959 | D:5      | 4959 ||| STAIRDANCE
  5064 | D:5      | Found a staircase to the Ecumenical Temple.
  5113 | D:5      | Reached skill level 1 in Dodging
  5113 | D:5      | Reached XP level 7. HP: 38/43 MP: 7/7
  5355 | D:5      | 5355 ||| Stepping ~*~*~tactically~*~*~ (stealth).
  5356 | D:5      | 5356 ||| Stepping ~*~*~tactically~*~*~ (stealth).
  5566 | D:5      | 5566 ||| RIP SEWER
  5591 | D:5      | 5591 ||| PLANNING TEMPLE
  5591 | D:5      | 5591 ||| UPGRADING to +0 cloak.
  5596 | D:5      | 5596 ||| READING scroll labelled TUPSAI TACAG.
  5597 | D:5      | 5597 ||| READING scroll labelled KOXUON RUMM.
  5633 | Temple   | Entered the Ecumenical Temple
  5635 | Temple   | 5635 ||| PLANNING OKAWARU WORSHIP
  5721 | Temple   | Became a worshipper of Warmaster Okawaru
  5722 | Temple   | 5722 ||| PLANNING D:1-11
  6019 | D:5      | 6019 ||| Stepping ~*~*~tactically~*~*~ (stealth).
  6072 | D:5      | 6072 ||| Stepping ~*~*~tactically~*~*~ (stealth).
  6080 | D:5      | Reached skill level 7 in Axes
  6573 | D:6      | Found a sparkling altar of Nemelex Xobeh.
  6590 | D:6      | Reached XP level 8. HP: 49/49 MP: 8/8
  6609 | D:6      | Reached * piety under Okawaru
  6750 | D:6      | 6750 ||| Stepping ~*~*~tactically~*~*~ (stealth).
  6763 | D:6      | Reached skill level 1 in Invocations
  6778 | D:6      | Found a large runed translucent door.
  6778 | D:6      | Found a large runed translucent door.
  6785 | D:6      | Noticed qw's ghost (novice GrFi)
  6849 | D:6      | Found a broken altar of Ashenzari.
  6849 | D:6      | Found a burning altar of Makhleb.
  6850 | D:6      | 6850 ||| Stepping ~*~*~tactically~*~*~ (stealth).
  6855 | D:6      | 6855 ||| Stepping ~*~*~tactically~*~*~ (stealth).
  6856 | D:6      | 6856 ||| FLEEEEING.
  6857 | D:6      | 6857 ||| FLEEEEING.
  6861 | D:6      | 6861 ||| FLEEEEING.
  6868 | D:6      | 6868 ||| FLEEEEING.
  6869 | D:6      | 6869 ||| FLEEEEING.
  6870 | D:6      | 6870 ||| FLEEEEING.
  6871 | D:6      | 6871 ||| FLEEEEING.
  6872 | D:6      | 6872 ||| FLEEEEING.
  6873 | D:6      | 6873 ||| FLEEEEING.
  6875 | D:6      | 6875 ||| FLEEEEING.
  6876 | D:6      | 6876 ||| FLEEEEING.
  6878 | D:6      | 6878 ||| FLEEEEING.
  6879 | D:6      | 6879 ||| FLEEEEING.
  6881 | D:6      | 6881 ||| FLEEEEING.
  6882 | D:6      | 6882 ||| FLEEEEING.
  6884 | D:6      | 6884 ||| FLEEEEING.
  6885 | D:6      | 6885 ||| FLEEEEING.
  6886 | D:6      | 6886 ||| FLEEEEING.
  6887 | D:6      | 6887 ||| FLEEEEING.
  6888 | D:6      | 6888 ||| FLEEEEING.
  6889 | D:6      | 6889 ||| FLEEEEING.
  6890 | D:6      | 6890 ||| FLEEEEING.
  6891 | D:6      | 6891 ||| FLEEEEING.
  6893 | D:6      | 6893 ||| FLEEEEING.
  6894 | D:6      | 6894 ||| FLEEEEING.
  6983 | D:6      | 6983 ||| INVOKING Heroism.
  6988 | D:6      | Reached skill level 3 in Invocations
  6992 | D:6      | Reached skill level 8 in Axes
  7039 | D:6      | 7039 ||| INVOKING Heroism.
  7056 | D:6      | 7056 ||| Stepping ~*~*~tactically~*~*~ (stealth).
  7103 | D:6      | 7103 ||| Stepping ~*~*~tactically~*~*~ (hiding).
  7106 | D:6      | 7106 ||| Stepping ~*~*~tactically~*~*~ (hiding).
  7107 | D:6      | 7107 ||| Stepping ~*~*~tactically~*~*~ (hiding).
  7116 | D:6      | Reached ** piety under Okawaru
  7117 | D:6      | 7117 ||| FLEEEEING.
  7135 | D:6      | Reached skill level 6 in Fighting
  7135 | D:6      | Reached XP level 9. HP: 49/55 MP: 12/12
  7241 | D:6      | 7241 ||| Stepping randomly (disturbance).
  7242 | D:6      | 7242 ||| Stepping randomly (disturbance).
  7248 | D:6      | 7248 ||| Stepping ~*~*~tactically~*~*~ (stealth).
  7448 | D:6      | Found a basalt altar of Yredelemnul.
  7450 | D:6      | Found a blossoming altar of Fedhas.
  7538 | D:6      | 7538 ||| READING scroll labelled XOIHUT VUAD.
  7539 | D:6      | 7539 ||| READING 3 scrolls of identify.
  7539 | D:6      | 7539 ||| IDENTIFYING cyan potion
  7540 | D:6      | 7540 ||| READING 2 scrolls of identify.
  7540 | D:6      | 7540 ||| IDENTIFYING bubbling pink potion
  7541 | D:6      | 7541 ||| DROPPING potion of ambrosia.
  7542 | D:6      | 7542 ||| DROPPING potion of flight.
  7568 | D:7      | 7568 ||| INVOKING Heroism.
  7592 | D:7      | 7592 ||| FLEEEEING.
  7593 | D:7      | 7593 ||| FLEEEEING.
  7594 | D:7      | 7594 ||| FLEEEEING.
  7595 | D:7      | 7595 ||| FLEEEEING.
  7596 | D:7      | 7596 ||| FLEEEEING.
  7597 | D:7      | 7597 ||| FLEEEEING.
  7598 | D:7      | 7598 ||| FLEEEEING.
  7599 | D:7      | 7599 ||| STAIRDANCE
  7688 | D:7      | 7688 ||| INVOKING Heroism.
  7703 | D:7      | 7703 ||| STAIRDANCE
  7844 | D:7      | 7844 ||| INVOKING Heroism.
  7853 | D:7      | Reached skill level 9 in Axes
  7984 | D:7      | 7984 ||| FLEEEEING.
  7985 | D:7      | 7985 ||| FLEEEEING.
  7986 | D:7      | 7986 ||| FLEEEEING.
  7987 | D:7      | 7987 ||| FLEEEEING.
  7988 | D:7      | 7988 ||| FLEEEEING.
  7989 | D:7      | 7989 ||| FLEEEEING.
  7990 | D:7      | 7990 ||| FLEEEEING.
  8004 | D:7      | 8004 ||| INVOKING Heroism.
  8115 | D:7      | 8115 ||| INVOKING Heroism.
  8163 | D:7      | Found Kifotif's Assorted Antiques.
  8181 | D:7      | Reached skill level 1 in Throwing
  8185 | D:7      | 8185 ||| READING scroll of enchant weapon.
  8185 | D:7      | 8185 ||| ENCHANTING +0 vampiric war axe.
  8190 | D:7      | 8190 ||| BUYING bubbling orange potion (17 gold).
  8190 | D:7      | Bought a bubbling orange potion for 17 gold pieces
  8190 | D:7      | 8190 ||| BUYING pair of transparent gloves (180 gold).
  8190 | D:7      | Bought a pair of transparent gloves for 180 gold pieces
  8190 | D:7      | Identified the +0 pair of gloves of Loss {rF- rCorr Str+8}
                  | (You bought it in a shop on level 7 of the Dungeon)
  8190 | D:7      | 8190 ||| BUYING purple potion (17 gold).
  8190 | D:7      | Bought a purple potion for 17 gold pieces
  8190 | D:7      | 8190 ||| BUYING scroll labelled QUYPRO GAITZE (19 gold).
  8190 | D:7      | Bought a scroll labelled QUYPRO GAITZE for 19 gold pieces
  8190 | D:7      | 8190 ||| BUYING scroll labelled QUYPRO GAITZE (19 gold).
  8190 | D:7      | Bought a scroll labelled QUYPRO GAITZE for 19 gold pieces
  8190 | D:7      | 8190 ||| SHOPLISTING scroll of teleportation (57 gold, have
                  | 21).
  8295 | D:7      | 8295 ||| INVOKING Heroism.
  8451 | D:7      | 8451 ||| UPGRADING to +0 pair of gloves of Loss {rF- rCorr
                  | Str+8}.
  8461 | D:7      | 8461 ||| READING 2 scrolls labelled QUYPRO GAITZE.
  8462 | D:7      | 8462 ||| DRINKING 2 purple potions.
  8463 | D:7      | 8463 ||| DROPPING scroll of summoning.
  8548 | D:8      | 8548 ||| INVOKING Heroism.
  8585 | D:8      | 8585 ||| INVOKING Heroism.
  8657 | D:8      | 8657 ||| Stepping ~*~*~tactically~*~*~ (stealth).
  8660 | D:8      | 8660 ||| Stepping ~*~*~tactically~*~*~ (stealth).
  8661 | D:8      | Noticed a two-headed ogre
  8662 | D:8      | 8662 ||| Stepping ~*~*~tactically~*~*~ (stealth).
  8669 | D:8      | 8669 ||| Stepping ~*~*~tactically~*~*~ (stealth).
  8676 | D:8      | 8676 ||| INVOKING Heroism.
  8683 | D:8      | Reached *** piety under Okawaru
  8686 | D:8      | 8686 ||| Stepping ~*~*~tactically~*~*~ (stealth).
  8704 | D:8      | 8704 ||| Stepping ~*~*~tactically~*~*~ (stealth).
  8706 | D:8      | 8706 ||| INVOKING Heroism.
  8713 | D:8      | Killed a two-headed ogre
  8714 | D:8      | Reached skill level 10 in Axes
  8714 | D:8      | Reached XP level 10. HP: 63/63 MP: 11/13
  8790 | D:8      | 8790 ||| INVOKING Heroism.
  8899 | D:8      | Reached **** piety under Okawaru
  8949 | D:8      | 8949 ||| DROPPING +1 flail of protection.
  9029 | D:8      | 9029 ||| INVOKING Heroism.
  9058 | D:8      | 9058 ||| INVOKING Heroism.
  9191 | D:8      | 9191 ||| UPGRADING to ring of protection from cold.
  9193 | D:8      | 9193 ||| READING scroll labelled IVIXKUM TAFUL.
  9194 | D:8      | 9194 ||| DRINKING 3 bubbling orange potions.
  9194 | D:8      | Gained mutation: Your spells are a little easier to cast,
                  | but a little less powerful. [potion of mutation]
  9215 | D:9      | Found a staircase to the Orcish Mines.
  9232 | D:9      | 9232 ||| Stepping ~*~*~tactically~*~*~ (hiding).
  9235 | D:9      | 9235 ||| INVOKING Heroism.
  9256 | D:9      | Reached skill level 6 in Armour
  9256 | D:9      | Reached skill level 6 in Invocations
  9271 | D:9      | 9271 ||| Stepping ~*~*~tactically~*~*~ (hiding).
  9272 | D:9      | 9272 ||| Stepping ~*~*~tactically~*~*~ (hiding).
  9280 | D:9      | Received a gift from Okawaru
  9379 | D:9      | 9379 ||| INVOKING Heroism.
  9400 | D:9      | Reached skill level 3 in Throwing
  9429 | D:9      | 9429 ||| INVOKING Heroism.
  9503 | D:9      | Found a snail-covered altar of Cheibriados.
  9507 | D:9      | 9507 ||| Stepping ~*~*~tactically~*~*~ (water).
  9525 | D:9      | 9525 ||| INVOKING Heroism.
  9539 | D:9      | Received a gift from Okawaru
  9540 | D:9      | Reached XP level 11. HP: 68/68 MP: 14/16
  9561 | D:9      | 9561 ||| INVOKING Heroism.
  9690 | D:9      | Noticed a green ugly thing
  9691 | D:9      | Found a transporter.
  9691 | D:9      | Found a stormy altar of Qazlal.
  9691 | D:9      | Noticed a manticore
  9708 | D:9      | Found a transporter.
  9743 | D:9      | 9743 ||| INVOKING Heroism.
  9779 | D:9      | Identified the ring of Adghor {Will+ SInv}
  9979 | D:9      | Found a hazy altar of Hepliaklqana.
 10047 | D:9      | Found an ancient bone altar of Kikubaaqudgha.
 10050 | D:9      | Found a glowing golden altar of the Shining One.
 10090 | D:9      | 10090 ||| INVOKING Heroism.
 10203 | D:9      | 10203 ||| DROPPING ring of willpower.
 10204 | D:9      | 10204 ||| UPGRADING to ring of Adghor {Will+ SInv}.
 10206 | D:9      | 10206 ||| UPGRADING to +6 ring of strength.
 10245 | D:10     | Entered Level 10 of the Dungeon
 10245 | D:10     | Noticed a death yak
 10246 | D:10     | 10246 ||| INVOKING Heroism.
 10250 | D:10     | 10250 ||| STAIRDANCE
 10257 | D:10     | 10257 ||| STAIRDANCE
 10266 | D:10     | Noticed a death yak
 10267 | D:10     | 10267 ||| STAIRDANCE
 10269 | D:9      | 10269 ||| INVOKING Heroism.
 10279 | D:9      | Killed a death yak
 10279 | D:9      | Received a gift from Okawaru
 10392 | D:10     | Noticed a death yak
 10393 | D:10     | 10393 ||| INVOKING Heroism.
 10406 | D:10     | Killed a death yak
 10407 | D:10     | HP: 17/68 [death yak (14)]
 10408 | D:10     | 10408 ||| READING 4 scrolls of teleportation.
 10411 | D:10     | HP: 6/68 [death yak (15)]
 10412 | D:10     | 10412 ||| DRINKING 3 potions of heal wounds.
 10552 | D:10     | 10552 ||| INVOKING Heroism.
 10554 | D:10     | 10554 ||| Stepping ~*~*~tactically~*~*~ (stealth).
 10566 | D:10     | Reached skill level 11 in Axes
 10631 | D:10     | Found a staircase to the Lair.
 10698 | D:10     | 10698 ||| INVOKING Heroism.
 10708 | D:10     | Killed a death yak
 10770 | D:10     | 10770 ||| Stepping ~*~*~tactically~*~*~ (stealth).
 10772 | D:10     | 10772 ||| Stepping ~*~*~tactically~*~*~ (stealth).
 10773 | D:10     | 10773 ||| INVOKING Heroism.
 10780 | D:10     | Reached ***** piety under Okawaru
 10795 | D:10     | Reached skill level 9 in Invocations
 10826 | D:10     | 10826 ||| INVOKING Heroism.
 10898 | D:10     | You fall into a shaft and drop 2 floors!
 10934 | D:12     | Noticed a brown ugly thing
 10947 | D:12     | Killed a brown ugly thing
 10948 | D:12     | Reached skill level 9 in Fighting
 10950 | D:12     | 10950 ||| INVOKING Heroism.
 10986 | D:12     | 10986 ||| DROPPING +0 ring mail of Hubris {rElec rF+
                  | Int+3}.
 10987 | D:12     | 10987 ||| UPGRADING to +0 plate armour.
 10997 | D:12     | 10997 ||| DROPPING +0 chain mail.
 10998 | D:12     | 10998 ||| DRINKING 2 inky potions.
 10999 | D:12     | 10999 ||| READING 7 scrolls of identify.
 10999 | D:12     | 10999 ||| IDENTIFYING silvery potion
 11000 | D:12     | 11000 ||| DROPPING potion of degeneration.
 11011 | D:11     | 11011 ||| INVOKING Heroism.
 11083 | D:10     | 11083 ||| Stepping ~*~*~tactically~*~*~ (stealth).
 11110 | D:10     | Received a gift from Okawaru
 11126 | D:10     | Noticed a two-headed ogre
 11127 | D:10     | 11127 ||| INVOKING Heroism.
 11133 | D:10     | Killed a two-headed ogre
 11165 | D:10     | 11165 ||| INVOKING Heroism.
 11170 | D:10     | Reached XP level 12. HP: 76/76 MP: 16/19
 11206 | D:10     | 11206 ||| Stepping ~*~*~tactically~*~*~ (stealth).
 11233 | D:10     | 11233 ||| Stepping ~*~*~tactically~*~*~ (stealth).
 11311 | D:10     | 11311 ||| INVOKING Heroism.
 11318 | D:10     | Paralysed by a floating eye for 3 turns
 11469 | D:10     | 11469 ||| READING scroll of enchant armour.
 11469 | D:10     | 11469 ||| ENCHANTING +1 helmet.
 11470 | D:10     | Found a white marble altar of Elyvilon.
 11489 | D:10     | 11489 ||| DROPPING scarf of invisibility.
 11623 | D:9      | Found a sacrificial altar of Ru.
 11623 | D:9      | Found an ornate altar of the Wu Jian Council.
 11628 | D:9      | 11628 ||| PLANNING LAIR
 11664 | Lair:1   | Entered Level 1 of the Lair of Beasts
 11665 | Lair:1   | 11665 ||| INVOKING Heroism.
 11666 | Lair:1   | 11666 ||| Stepping ~*~*~tactically~*~*~ (stealth).
 11677 | Lair:1   | Reached skill level 12 in Axes
 11688 | Lair:1   | 11688 ||| Stepping ~*~*~tactically~*~*~ (stealth).
 11697 | Lair:1   | 11697 ||| Stepping ~*~*~tactically~*~*~ (stealth).
 11720 | Lair:1   | 11720 ||| Stepping ~*~*~tactically~*~*~ (stealth).
 11723 | Lair:1   | 11723 ||| Stepping ~*~*~tactically~*~*~ (stealth).
 11735 | Lair:1   | 11735 ||| INVOKING Heroism.
 11741 | Lair:1   | Reached skill level 6 in Shields
 11775 | Lair:1   | Reached skill level 9 in Armour
 11792 | Lair:1   | 11792 ||| Stepping ~*~*~tactically~*~*~ (stealth).
 11793 | Lair:1   | 11793 ||| Stepping ~*~*~tactically~*~*~ (stealth).
 11794 | Lair:1   | 11794 ||| Stepping ~*~*~tactically~*~*~ (stealth).
 11795 | Lair:1   | 11795 ||| Stepping ~*~*~tactically~*~*~ (stealth).
 11796 | Lair:1   | 11796 ||| Stepping ~*~*~tactically~*~*~ (stealth).
 11797 | Lair:1   | 11797 ||| Stepping ~*~*~tactically~*~*~ (stealth).
 11798 | Lair:1   | 11798 ||| INVOKING Heroism.
 11872 | Lair:1   | 11872 ||| Stepping ~*~*~tactically~*~*~ (stealth).
 11878 | Lair:1   | 11878 ||| INVOKING Heroism.
 11914 | Lair:1   | 11914 ||| INVOKING Heroism.
 12050 | Lair:1   | 12050 ||| Stepping ~*~*~tactically~*~*~ (stealth).
 12149 | Lair:1   | 12149 ||| INVOKING Heroism.
 12178 | Lair:1   | 12178 ||| INVOKING Heroism.
 12550 | Lair:1   | Noticed Sonja
 12551 | Lair:1   | 12551 ||| INVOKING Finesse.
 12703 | Lair:1   | 12703 ||| INVOKING Finesse.
 12708 | Abyss:1  | Cast into level 1 of the Abyss (Sonja)
 12709 | Abyss:1  | 12709 ||| READING 7 scrolls of identify.
 12709 | Abyss:1  | 12709 ||| IDENTIFYING blue potion
 12796 | Abyss:1  | Noticed a starcursed mass
 12797 | Abyss:1  | 12797 ||| Stepping ~*~*~tactically~*~*~ (stealth).
 12797 | Abyss:1  | Found a corrupted altar of Lugonu.
 12798 | Abyss:1  | 12798 ||| Stepping ~*~*~tactically~*~*~ (stealth).
 12829 | Abyss:1  | 12829 ||| Stepping ~*~*~tactically~*~*~ (stealth).
 12830 | Abyss:1  | 12830 ||| Stepping ~*~*~tactically~*~*~ (stealth).
 12833 | Abyss:1  | 12833 ||| Stepping ~*~*~tactically~*~*~ (stealth).
 12834 | Abyss:1  | 12834 ||| Stepping ~*~*~tactically~*~*~ (stealth).
 12841 | Abyss:1  | 12841 ||| Stepping ~*~*~tactically~*~*~ (stealth).
 12842 | Abyss:1  | 12842 ||| Stepping ~*~*~tactically~*~*~ (stealth).
 12843 | Abyss:1  | 12843 ||| Stepping ~*~*~tactically~*~*~ (stealth).
 12844 | Abyss:1  | 12844 ||| Stepping ~*~*~tactically~*~*~ (stealth).
 12845 | Abyss:1  | 12845 ||| Stepping ~*~*~tactically~*~*~ (stealth).
 12846 | Abyss:1  | 12846 ||| Stepping ~*~*~tactically~*~*~ (stealth).
 12892 | Abyss:1  | Noticed a tentacled starspawn
 12893 | Abyss:1  | 12893 ||| Stepping ~*~*~tactically~*~*~ (stealth).
 12897 | Abyss:1  | 12897 ||| Stepping ~*~*~tactically~*~*~ (stealth).
 12908 | Abyss:1  | 12908 ||| Stepping ~*~*~tactically~*~*~ (stealth).
 12926 | Abyss:1  | 12926 ||| Stepping ~*~*~tactically~*~*~ (stealth).
 12926 | Abyss:1  | Found a corrupted altar of Lugonu.
 12927 | Abyss:1  | 12927 ||| Stepping ~*~*~tactically~*~*~ (stealth).
 12928 | Abyss:1  | Noticed a tentacled starspawn
 12928 | Abyss:1  | Noticed a starcursed mass
 12930 | Abyss:1  | 12930 ||| INVOKING Heroism.
 12936 | Abyss:1  | Killed a tentacled starspawn
 12937 | Abyss:1  | 12937 ||| Stepping ~*~*~tactically~*~*~ (hiding).
 12947 | Abyss:1  | Killed a starcursed mass
 12948 | Abyss:1  | Reached skill level 13 in Axes
 12952 | Abyss:1  | Identified the +1 plate armour of the Cockatrice {Dex+3}
                  | (Okawaru gifted it to you on level 1 of the Abyss)
 12952 | Abyss:1  | Received a gift from Okawaru
 12958 | Abyss:1  | Killed a starcursed mass
 12959 | Abyss:1  | Reached XP level 13. HP: 40/82 MP: 20/20
 12970 | Abyss:1  | 12970 ||| INVOKING Heroism.
 12979 | Abyss:1  | 12979 ||| Stepping ~*~*~tactically~*~*~ (stealth).
 12994 | Abyss:1  | 12994 ||| INVOKING Heroism.
 13023 | Abyss:1  | 13023 ||| Stepping ~*~*~tactically~*~*~ (stealth).
 13024 | Abyss:1  | 13024 ||| Stepping ~*~*~tactically~*~*~ (stealth).
 13034 | Abyss:1  | 13034 ||| Stepping ~*~*~tactically~*~*~ (stealth).
 13051 | Abyss:1  | 13051 ||| INVOKING Heroism.
 13059 | Abyss:1  | 13059 ||| Stepping ~*~*~tactically~*~*~ (stealth).
 13090 | Abyss:1  | 13090 ||| Stepping ~*~*~tactically~*~*~ (stealth).
 13131 | Abyss:1  | 13131 ||| INVOKING Heroism.
 13132 | Abyss:1  | Noticed an Executioner
 13140 | Abyss:1  | HP: 11/82 [Executioner (11)]
 13141 | Abyss:1  | 13141 ||| READING 4 scrolls of teleportation.
 13142 | Abyss:1  | 13142 ||| DRINKING 4 potions of heal wounds.
 13146 | Abyss:1  | HP: 18/82 [Executioner (8)]
 13146 | Abyss:1  | Slain by a large abomination

Levels and vault maps discovered:
D:1:      dpeg_arrival_simpleton_a, layout_basic, serial_shops, shop
D:2:      layout_basic, shapermc_ecumenical_altar_mp_urbaneastern,
          minmay_shallow_snake_nest
D:3:      layout_basic, minmay_misc_feat_tower
D:4:      layout_loops_corners, uniq_sigmund, uniq_robin
D:5:      layout_layer_cave, minmay_temple_entry_butterflies,
          gup_sewer_entry_spiral, kennysheep_minor_cross
D:6:      layout_loops_ring, mainiacjoe_overflow_catwalk,
          grunt_temple_overflow_open, ebering_ghost_disaster_area
D:7:      layout_basic, serial_shops, nicolae_shop_stone,
          ebering_dispersal_statue_hall
D:8:      layout_rooms
D:9:      layout_loops_cross, nicolae_overflow_hidden_temple,
          kennysheep_slug_shrine, mainiacjoe_overflow_alcove_4,
          gammafunk_temple_overflow_arena, orc_0_dummy, serial_bayou,
          serial_bayou_shore_a, serial_bayou_shore_b, serial_bayou_lake_a,
          serial_bayou_shore_b, grunt_decor_one_mirror
D:10:     layout_rooms, kennysheep_mini_moat, dpeg_lair_monsters,
          mrwooster_statue_mirror, serial_park_tiny_1, minivault_25_ag,
          minmay_holes, onia_ninara_cookie
D:11:     layout_rooms, serial_demonic, serial_demonic_c, serial_demonic_c,
          serial_demonic_d, serial_demonic_g, gammafunk_ghost_cemetery
D:12:     layout_cave_pools, fedhas_altar_4
Temple:   dpeg_three_leaves_temple
Lair:1:   layout_loops_ring, nicolae_lair_lil_pond, uniq_sonja
Abyss:1:  base: D:1, spicy_abyss_unhelpful_harpoons

Skill      XL: |  1  2  3  4  5  6  7  8  9 10 11 12 |
---------------+-------------------------------------+-----
Axes           | 2 3 4 6 7 8 10 11 13 | 13.6
Fighting       | 4 5 6 7 8 9 10 | 10.0
Dodging        | 1 2 |  2.0
Armour         | 4 5 6 8 9 |  9.0
Invocations    | 4 7 10 | 10.0
Shields        | 4 5 6 |  6.2
Throwing       | 2 3 |  3.0

Action                   |  1- 3 |  4- 6 |  7- 9 | 10-12 | 13-15 || total
-------------------------+-------+-------+-------+-------+-------++-------
Melee: War axe           |   118 |   145 |   361 |   513 |    27 ||  1164
Throw: Boomerang         |       |       |    18 |    12 |       ||    30
       Javelin           |       |       |       |     7 |       ||     7
Invok: Heroism           |       |       |    12 |    30 |     4 ||    46
       Finesse           |       |       |       |     2 |       ||     2
  Use: Scroll            |     6 |    12 |     7 |     5 |     1 ||    31
       Potion            |     1 |       |     1 |     3 |     1 ||     6
Armor: Scale mail        |    45 |       |       |       |       ||    45
       Chain mail        |    24 |    82 |   276 |   137 |       ||   519
       Plate armour      |       |       |       |   169 |    64 ||   233
Dodge: Dodged            |    47 |    66 |   167 |   225 |    15 ||   520
Block: Buckler           |    14 |    22 |    87 |   122 |    15 ||   260

Table legend:
 A = Non-vault XP
 B = Vault XP
 C = Vault XP percentage of total XP
 D = Non-vault monster count
 E = Vault monster count
 F = Vault count percentage of total count
                 A         B        C        D         E       F
            +---------+---------+-------+---------+---------+-------
      Total |   26477 |    7208 |  21.4 |     272 |      52 |  16.0
            +---------+---------+-------+---------+---------+-------
        D:1 |      40 |       0 |   0.0 |      23 |       0 |   0.0
        D:2 |      29 |      15 |  34.1 |      17 |       3 |  15.0
        D:3 |      50 |       8 |  13.8 |      20 |       4 |  16.7
        D:4 |     115 |     252 |  68.7 |      14 |       9 |  39.1
        D:5 |     601 |      67 |  10.0 |      23 |       6 |  20.7
        D:6 |    1342 |       0 |   0.0 |      29 |       0 |   0.0
        D:7 |    1329 |       0 |   0.0 |      17 |       0 |   0.0
        D:8 |    2311 |       0 |   0.0 |      23 |       0 |   0.0
        D:9 |    3487 |     841 |  19.4 |      34 |       6 |  15.0
       D:10 |    2022 |    6025 |  74.9 |      14 |      24 |  63.2
       D:11 |    1403 |       0 |   0.0 |      15 |       0 |   0.0
       D:12 |     841 |       0 |   0.0 |       2 |       0 |   0.0
     Lair:1 |    7783 |       0 |   0.0 |      30 |       0 |   0.0
    Abyss:1 |    5124 |       0 |   0.0 |      11 |       0 |   0.0
            +---------+---------+-------+---------+---------+-------
